 Dungeon Crawl Stone Soup version 0.30-a0-1074-g5db6f66fbb (webtiles) character file.

Game seed: 13166274198737771992

2065 Pimp the Protected (level 9, -3/80 HPs)
             Began as an Armataur Fighter on Apr 13, 2023.
             Slain by a small abomination (5 damage)
             ... on level 5 of the Dungeon.
             The game lasted 00:07:32 (4828 turns).

Pimp the Protected (Armataur Fighter)               Turns: 4828, Time: 00:07:33

Health: -3/80      AC:  9    Str: 26    XL:     9   Next: 5%
Magic:  9/9        EV:  6    Int:  8    God:
Gold:   291        SH:  5    Dex: 10    Spells: 8/8 levels left

rFire   . . .      SeeInvis .    k - +1 war axe (vamp)
rCold   . . .      Faith    .    c - +0 buckler
rNeg    . . .      Spirit   .    j - +0 chain mail
rPois   .          Reflect  .    (no helmet)
rElec   .          Roll     +    (no cloak)
rCorr   .                        (no gloves)
Will    .....                    (no barding) Stlth
                                 (no amulet)
HPRegen 0.33/turn                (no ring)
MPRegen 0.11/turn                (no ring)

@: no status effects
A: large, rugged brown scales 3, deformed body, armoured tail, roll, long
tongue, awkward tongue
a: no special abilities


You were on level 5 of the Dungeon.
You visited 1 branch of the dungeon, and saw 5 of its levels.

You collected 291 gold pieces.

Inventory:

Hand Weapons
 a - a +1 war axe of venom
 k - a +1 vampiric war axe (weapon)
Armour
 b - a +0 scale mail
 c - a +0 buckler (worn)
 j - a +0 chain mail (worn)
Scrolls
 i - a scroll of blinking
 o - a scroll of fog
Potions
 d - a potion of might
 e - a potion of brilliance
 f - 2 potions of cancellation {unknown}
 g - a potion of degeneration {unknown}
 h - 3 potions of mutation {unknown}
 m - 3 potions of attraction {unknown}


   Skills:
 + Level 6.0 Fighting
 + Level 5.1 Axes
 + Level 8.0 Armour
 + Level 7.3 Shields


You had 8 spell levels left.
You didn't know any spells.
Your spell library contained the following spells:

 Spells                   Type           Power      Damage    Failure   Level
 Sublimation of Blood     Necr           0%         N/A       97%         2
 Wereblood                Tmut           0%         N/A       97%         2
 Summon Ice Beast         Ice/Summ       0%         N/A       100%        4
 Summon Mana Viper        Hex/Summ       0%         N/A       100%        5
 Monstrous Menagerie      Summ           0%         N/A       100%        7
 Summon Hydra             Summ           0%         N/A       100%        7


Dungeon Overview and Level Annotations

Branches:
Dungeon (5/15)
 Temple: D:4-7

Altars:
Uskayaw
Yredelemnul

Portals:
Abyss: D:5

Annotations:
D:4 1 runed translucent door
D:5 1 transporter


Innate Abilities, Weirdness & Mutations

You are completely covered in rugged brown scales. (AC +3, +7% HP)
Armour fits poorly on your strangely shaped body.
You have a long armoured tail.
You roll when moving toward enemies. (Rampage)
Your long tongue fully drains potion bottles. (2x potion effects)
Your tongue gives you trouble enunciating. (1.5x scroll delay)


Message History

* * * LOW HITPOINT WARNING * * *
You closely miss the small abomination.
The small abomination is almost destroyed.
You block the small abomination's attack.
The small abomination hits you.
* * * LOW HITPOINT WARNING * * *
You barely miss the small abomination.
The small abomination is almost destroyed.
You block the small abomination's attack.
You hit the small abomination.
You destroy the small abomination!
Your Armour skill increases to level 8!
You start resting.
A small abomination is nearby!
A small abomination is nearby!
You start resting.
A small abomination is nearby!
You slash the small abomination!
The small abomination is moderately damaged.
The small abomination hits you but does no damage.
You hit the small abomination but do no damage.
Your tail-slap misses the small abomination.
The small abomination is moderately damaged.
The small abomination hits you.
* * * LOW HITPOINT WARNING * * *
The small abomination closely misses you.
You slash the small abomination!
The small abomination is almost destroyed.
You block the small abomination's attack.
You hit the small abomination but do no damage.
Your tail-slap misses the small abomination.
The small abomination is almost destroyed.
The small abomination hits you!
* * * LOW HITPOINT WARNING * * *
You barely miss the small abomination.
The small abomination is almost destroyed.
The small abomination hits you!
* * * LOW HITPOINT WARNING * * *
The small abomination hits you.
You die...

....# #........#...############
....# #........#####
....#####........#
###..............######
......................###########
.................................
.........###..###................
.#..###.##.####x##...............
##..#.###...##.#@#...............
.#.©#..∩.#.#...#.#...............
.#..##..####..##.##..............
.#...#....#.####..##.............
.[...##.##x##.##..##.............
#.....##.#.#..##©##..[...........
##.....#)..##..###....##'########
.......#..$##................#
.....###.5#.##...............#


You could see a small abomination.

Vanquished Creatures
  Pikel (D:4)
  The ghost of PailKail the Grave Robber, a novice DsNe (D:5)
  Grinder (D:4)
  Menkaure (D:5)
  A water moccasin (D:5)
  A black bear (D:4)
  A small abomination (D:5)
  2 phantoms (D:5)
  A gnoll bouda (D:4)
  A hound (D:4)
  3 orc priests
  A sleepcap (D:4)
  3 iguanas
  2 orc wizards (D:4)
  9 adders
  6 gnolls
  A shadow imp (D:5)
  A white imp (D:5)
  3 ufetubi (D:5)
  4 worms
  6 dart slugs
  The ghost of jasper the Conjurer, a weakling DsCj (D:4)
  12 orcs
  2 bats (D:2)
  6 endoplasms
  9 giant cockroaches
  12 goblins
  7 hobgoblins
  9 jackals
  7 kobolds
  2 quokkas
  10 ball pythons
  A frilled lizard (D:1)
  7 rats
135 creatures vanquished.

Notes
Turn   | Place    | Note
-------+----------+-------------------------------------------
     0 | D:1      | Pimp the Armataur Fighter began the quest for the Orb.
     0 | D:1      | Reached XP level 1. HP: 19/19 MP: 1/1
   116 | D:1      | Reached XP level 2. HP: 26/26 MP: 2/2
   228 | D:1      | Reached skill level 4 in Armour
   299 | D:1      | Reached XP level 3. HP: 33/33 MP: 3/3
  1013 | D:2      | Reached XP level 4. HP: 40/40 MP: 4/4
  1466 | D:3      | Reached XP level 5. HP: 12/48 MP: 5/5
  1613 | D:3      | Found a basalt altar of Yredelemnul.
  2095 | D:4      | Found a runed translucent door.
  2143 | D:4      | Noticed a lemure
  2144 | D:4      | Noticed Pikel
  2145 | D:4      | Noticed a lemure
  2146 | D:4      | Noticed a lemure
  2149 | D:4      | Noticed a lemure
  2160 | D:4      | Killed Pikel
  2161 | D:4      | Reached skill level 6 in Armour
  2161 | D:4      | Reached skill level 5 in Shields
  2161 | D:4      | Reached XP level 6. HP: 49/56 MP: 6/6
  2161 | D:4      | Reached XP level 7. HP: 56/64 MP: 7/7
  2393 | D:4      | Found a runed translucent door.
  2394 | D:4      | Noticed jasper's ghost (weakling DsCj)
  2468 | D:4      | Killed jasper's ghost
  3014 | D:4      | Reached skill level 5 in Fighting
  3014 | D:4      | Reached XP level 8. HP: 58/72 MP: 8/8
  3239 | D:4      | Noticed Grinder
  3245 | D:4      | Paralysed by Grinder for 2 turns
  3255 | D:4      | Paralysed by Grinder for 3 turns
  3262 | D:4      | Killed Grinder
  3490 | D:4      | Reached skill level 7 in Armour
  3537 | D:5      | Entered Level 5 of the Dungeon
  3707 | D:5      | Found a hide-covered altar of Uskayaw.
  3707 | D:5      | Noticed a +0 falchion
  3707 | D:5      | Noticed a +0 dagger
  3707 | D:5      | Noticed a +0 short sword
  3708 | D:5      | Noticed a +0 short sword
  3708 | D:5      | Noticed a +0 falchion
  3709 | D:5      | Noticed a +0 spear
  3710 | D:5      | Noticed a +0 dagger
  3711 | D:5      | Noticed a +0 spear
  3747 | D:5      | Found a transporter.
  3830 | D:5      | Found a one-way gate to the infinite horrors of the Abyss.
  3830 | D:5      | Noticed PailKail's ghost (novice DsNe)
  3834 | D:5      | Found a transporter.
  4014 | D:5      | Noticed Menkaure
  4023 | D:5      | Killed Menkaure
  4793 | D:5      | Killed PailKail's ghost
  4794 | D:5      | Reached skill level 5 in Axes
  4794 | D:5      | Reached XP level 9. HP: 39/80 MP: 9/9
  4803 | D:5      | Reached skill level 8 in Armour
  4828 | D:5      | HP: 2/80 [small abomination (9)]
  4828 | D:5      | Slain by a small abomination

Illustrated notes

Levels and vault maps discovered:
D:1:      minmay_arrival_arboretum_small, layout_loops_ring,
          hangedman_abyss_or_decor_lesser_grid, minmay_misc_feat_ornament
D:2:      minmay_chambers_of_ones, layout_basic
D:3:      layout_rooms, mainiacjoe_overflow_surrounded_room,
          kennysheep_generic_room_14
D:4:      cheibrodos_pilgrimage, layout_loops_corners, ebering_ghost_sewer_f,
          kennysheep_donut, minmay_misc_feat_hallway, uniq_grinder, uniq_pikel
D:5:      layout_gridville, nicolae_uskayaw_en_pointe,
          gammafunk_ghost_abyssal_escape, kennysheep_small_circle, uniq_menkaure

Skill      XL: |  1  2  3  4  5  6  7  8  9 |
---------------+----------------------------+-----
Fighting       | 3 4 5 6 |  6.0
Armour         | 4 6 7 8 |  8.0
Axes           | 2 3 4 5 |  5.1
Shields        | 4 5 6 7 |  7.3

Action                     |  1- 3 |  4- 6 |  7- 9 || total
---------------------------+-------+-------+-------++-------
  Melee: War axe           |   106 |    88 |   169 ||   363
         Tailslap          |    10 |    13 |    23 ||    46
    Use: Scroll            |       |     8 |     3 ||    11
         Potion            |       |       |     2 ||     2
 Armour: Scale mail        |    34 |       |       ||    34
         Chain mail        |    11 |    44 |    78 ||   133
  Dodge: Dodged            |    34 |    32 |    47 ||   113
  Block: Buckler           |    25 |    20 |    38 ||    83

Table legend: (Time is in decaauts)
 A = Elapsed time spent in this place.
 B = Non-inter-level travel time spent in this place.
 C = Inter-level travel time spent in this place.
 D = Time resting spent in this place.
 E = Time spent auto-exploring this place.
 F = Levels seen in this place.
 G = Mean time per level.
                   A        B        C        D        E       F      G
               +--------+--------+--------+--------+--------+-----+--------+
         Total |   4964 |   4747 |    217 |    594 |   3161 |   5 |  992.8 |
       Dungeon |   4964 |   4747 |    217 |    594 |   3161 |   5 |  992.8 |
               +--------+--------+--------+--------+--------+-----+--------+

Top non-repeatable levels by time:
     D:4: 1585 daAuts
     D:5: 1313 daAuts
     D:1: 763 daAuts
     D:2: 729 daAuts
     D:3: 573 daAuts
